 Dungeon Crawl Stone Soup version 0.30-a0-737-gf23d94013f (webtiles) character file.

Game seed: 2698862313515997050

105884 Leeroy the Unseen (level 16, -13/88 HPs)
             Began as a Vine Stalker Warper on Feb 2, 2023.
             Was an Elder of Wu Jian.
             Mangled by a demonic crawler (16 damage)
             ... on level 2 of the Spider Nest.
             The game lasted 00:50:30 (18999 turns).

Leeroy the Unseen (Vine Stalker Warper)            Turns: 18999, Time: 00:50:30

Health: -13/88     AC: 17    Str: 14    XL:     16   Next: 7%
Magic:  0/42       EV: 15    Int: 28    God:    Wu Jian [****..]
Gold:   1427       SH:  5    Dex: 18    Spells: 11/39 levels left

rFire   + . .      SeeInvis .    H - +7 scimitar (venom)
rCold   . . .      Faith    .    (no shield)
rNeg    . . .      Spirit   +    S - +7 toga "Victory" {*Victory Int+7 Slay+7 Clar}
rPois   +          Reflect  +    B - +0 helmet
rElec   .          Harm     .    L - +1 cloak
rCorr   .          Rampage  .    k - +2 pair of gloves
Will    ++...      Clarity  +    O - +2 pair of boots {Fly}
Stlth   ++++++++                 m - amulet of reflection
HPRegen 1.14/turn                M - ring of poison resistance
MPRegen 0.28/turn                Y - ring of magical power

@: flying, serpent's lash
A: fangs 3, regeneration 1, magic shield, antimagic bite, no potion heal 2,
clever 2, deformed body, fire resistance 1
}: 1/15 runes: decaying
a: Renounce Religion, Wall Jump, Serpent's Lash


You were on level 2 of the Spider Nest.
You worshipped Wu Jian.
Wu Jian was greatly pleased with you.
You visited 5 branches of the dungeon, and saw 20 of its levels.

You collected 1427 gold pieces.

Inventory:

Hand Weapons
 b - a +1 dagger of electrocution
 s - a +1 vampiric dagger
 u - a +0 great sword
 H - a +7 scimitar of venom (weapon)
Missiles
 d - 5 boomerangs of dispersal (quivered)
 e - 11 curare-tipped darts
 z - 2 throwing nets
 A - 27 poisoned darts
 W - 11 atropa-tipped darts
Armour
 k - a +2 pair of gloves (worn)
 v - an orb of mayhem
 B - a +0 helmet (worn)
 L - a +1 cloak (worn)
 O - a +2 pair of boots of flying (worn)
 S - the +7 toga "Victory" (worn) {*Victory Int+7 Slay+7 Clar}
   (You found it on level 8 of the Dungeon)

   *Victory:  When the wearer kills a threatening monster, it has a chance to
   gain +1 AC, +1 Slay, and +1 Int, capping at +7.
   When the wearer uses a scroll or a potion with a hostile monster in sight,
   its bonuses reset to +0.
   Unequipping it also resets its bonuses to +0.
   Int:       It affects your intelligence (+7).
   Slay:      It affects your accuracy & damage with ranged weapons and melee
   (+7).
   Clar:      It protects you against confusion.
Jewellery
 a - a ring of protection from fire
 m - an amulet of reflection (around neck)
 o - an amulet of faith
 p - a +5 ring of evasion
 M - a ring of poison resistance (left hand)
 Y - a ring of magical power (right hand)
Wands
 I - a wand of digging (6)
 N - a wand of polymorph (5)
 Q - a wand of iceblast (41)
 R - a wand of charming (16)
 T - a wand of mindburst (16)
 U - a wand of flame (32)
Scrolls
 c - 4 scrolls of blinking
 f - 5 scrolls of teleportation
 g - 2 scrolls of fog
 h - 4 scrolls of poison
 i - 3 scrolls of immolation
 q - 2 scrolls of torment {unknown}
 x - a scroll of noise {unknown}
 y - 2 scrolls of silence {unknown}
 D - 3 scrolls of vulnerability
 F - a scroll of magic mapping
 K - 2 scrolls of amnesia
Potions
 l - 2 potions of haste
 n - 5 potions of lignification {unknown}
 r - a potion of flight {unknown}
 w - 2 potions of brilliance
 C - 8 potions of curing
 E - 2 potions of resistance {unknown}
 G - 5 potions of mutation
 J - a potion of berserk rage {unknown}
 P - 4 potions of magic {unknown}
 V - a potion of invisibility {unknown}
 X - a potion of cancellation {unknown}
 Z - 2 potions of degeneration {unknown}
Miscellaneous
 j - a lightning rod (4/4)
 t - a condenser vane


   Skills:
 - Level 12.0 Fighting
 - Level 14.0 Long Blades
 - Level 0.8 Throwing
 - Level 2.2 Armour
 - Level 5.2 Dodging
 + Level 19.8 Stealth
 - Level 12.0 Spellcasting
 - Level 3.0 Translocations


You had 11 spell levels left.
You knew the following spells:

 Your Spells              Type           Power      Damage    Failure   Level
a - Blink                 Tloc           66%        N/A       1%          2
b - Vhi's Electric Charg  Tloc/Air       50%        N/A       5%          3
c - Manifold Assault      Tloc           33%        N/A       10%         4
d - Teleport Other        Tloc           33%        N/A       2%          3
e - Mephitic Cloud        Conj/Pois/Air  16%        N/A       10%         3
f - Ozocubu's Armour      Ice            16%        N/A       10%         3
g - Dazzling Flash        Conj/Hex       32%        N/A       10%         3
h - Tukima's Dance        Hex            16%        N/A       10%         3
i - Summon Lightning Spi  Summ/Air       16%        N/A       32%         4

Your spell library contained the following spells:

 Spells                   Type           Power      Damage    Failure   Level
 Lesser Beckoning         Tloc           66%        N/A       1%          2
 Sandblast                Erth           32%        2d9       3%          1
 Sting                    Tmut/Pois      64%        1d6       3%          1
 Cigotuvi's Dreadful Rot  Necr/Pois/Air  32%        N/A       4%          2
 Passwall                 Tmut/Erth      13%        N/A       4%          2
 Poisonous Vapours        Pois/Air       32%        N/A       4%          2
 Portal Projectile        Hex/Tloc       50%        N/A       5%          3
 Frozen Ramparts          Ice            32%        1d5       10%         3
 Stone Arrow              Conj/Erth      32%        3d9       10%         3
 Airstrike                Air            8%         2d(2-18)  32%         4
 Anguish                  Hex/Necr       8%         N/A       32%         4
 Dispel Undead            Necr           16%        3d10      32%         4
 Ice Form                 Ice/Tmut       16%        N/A       32%         4
 Olgreb's Toxic Radiance  Pois           16%        N/A       32%         4
 Summon Ice Beast         Ice/Summ       16%        N/A       32%         4
 Agony                    Necr           16%        N/A       65%         5
 Blade Hands              Tmut           8%         N/A       65%         5
 Lightning Bolt           Conj/Air       8%         1d20      65%         5
 Silence                  Hex/Air        8%         N/A       65%         5
 Death Channel            Necr           8%         N/A       99%         6
 Enfeeble                 Hex            8%         N/A       100%        7
 Ozocubu's Refrigeration  Ice            8%         4d9       100%        7
 Borgnjor's Revivificati  Necr           8%         N/A       100%        8
 Necromutation            Tmut/Necr      8%         N/A       100%        8
 Death's Door             Necr           8%         N/A       100%        9


Dungeon Overview and Level Annotations

Branches:
Dungeon (8/15)             Temple (1/1) D:4            Lair (5/5) D:8
  Swamp (4/4) Lair:3       Spider (2/4) Lair:2        Slime (0/5) Lair:4

Altars:
Ashenzari
Cheibriados
Dithmenos
Elyvilon
Fedhas
Gozag
Hepliaklqana
Makhleb
Ru
Sif Muna
Trog
Uskayaw
Vehumet
Wu Jian
Xom
Yredelemnul
Zin
The Shining One

Shops:
D:4 :

Annotations:
D:4 1 runed translucent door, Crazy Yiuf
D:8 3 runed translucent doors, MCDelver's ghost, novice OpFE
Swamp:2 Roxanne


Innate Abilities, Weirdness & Mutations

You have razor-sharp teeth.
Your natural rate of healing is unusually fast.
When hurt, damage is shared between your health and your magic reserves.
Your bite disrupts and absorbs the magic of your enemies.
Potions cannot restore your health.
Your mind is very acute. (Int +8, Str/Dex -2)
Armour fits poorly on your strangely shaped body.
Your flesh is heat resistant. (rF+)


Message History

The demonic crawler barely misses you.
The demonic crawler completely misses you. x2
The jumping spider pounces on you. The jumping spider misses you.
You spin and attack the jumping spider.
You slash the jumping spider!
You kill the jumping spider!
The Council accepts your kill. The demonic crawler misses you.
You block the demonic crawler's attack. x2
You spin and attack the demonic crawler.
You hit the demonic crawler.
You bite the demonic crawler, but do no damage.
The demonic crawler is lightly wounded.
The demonic crawler hits you!
* * * LOW HITPOINT WARNING * * *
The demonic crawler barely misses you.
The demonic crawler completely misses you.
The moth of wrath goads the demonic crawler on!
The demonic crawler goes berserk!
The demonic crawler barely misses you. The demonic crawler hits you!
* * * LOW HITPOINT WARNING * * *
The demonic crawler hits you!!
* * * LOW HITPOINT WARNING * * *
Okay, then.
Your muscles tense, ready for explosive movement...
You see here 2 potions of heal wounds.
Okay, then.
Okay, then.
Okay, then.
Okay, then.
Okay, then.
Throw: 6 boomerangs (disperse)
Press: ? - help, Q - select action, (/) - cycle Shift-Dir - straight line, f - demonic crawler
Aim: a demonic crawler (berserk, 82% to hit)
Okay, then.
Throw: 6 boomerangs (disperse)
Press: ? - help, Q - select action, (/) - cycle Shift-Dir - straight line, f - demonic crawler
Aim: a demonic crawler (berserk, 82% to hit)
You throw a boomerang of dispersal.
The boomerang of dispersal hits the demonic crawler but does no damage.
The demonic crawler hits you!!
You die...

..<...^.......^####
.................^.
...............^^..
)..^............###
...^.............###
......>.$..^..^###
......^.....y.##
........^..†s.#
............s@#
..............##
...............#
.......<.......#####
................^...
....$........####...
...........### ##
..........##
.....^....#


You could see 2 demonic crawlers and a moth of wrath.

Vanquished Creatures
  A tentacled monstrosity (Swamp:2)
  Mlioglotl (Swamp:2)
  3 thorn hunters
  2 fenstrider witches (Swamp:2)
  Aizul (Swamp:4)
  An eleionoma (Swamp:4)
  2 bunyips
  A shambling mangrove (Swamp:4)
  19 hydras
  4 ghost crabs
  11 alligators
  4 boulder beetles
  6 goliath frogs
  3 spriggan druids
  11 swamp dragons
  An orb spider (Spider:2)
  7 bog bodies
  A wolf spider (Spider:1)
  5 will-o-the-wisps
  5 black mambas
  2 torpor snails
  A gargoyle (D:8)
  7 komodo dragons
  9 cane toads
  7 rime drakes
  6 polar bears
  A meliai (Lair:2)
  16 hornets
  9 blink frogs (Lair:5)
  6 tyrant leeches
  7 tarantellas
  10 jumping spiders
  Sigmund (D:3)
  23 spriggans
  51 yaks
  9 wyverns
  4 basilisks
  6 vampire mosquitoes (Swamp:1)
  7 redbacks
  13 swamp worms
  18 water moccasins
  5 black bears
  An orc warrior (D:6)
  5 swamp drakes
  4 sky beasts
  An ogre (D:6)
  3 boggarts (Lair:5)
  27 wolves
  A centaur (D:7)
  A kobold brigand (D:8)
  2 necrophages
  3 scorpions
  14 bullfrogs
  3 wights (D:5)
  5 killer bees (Lair:2)
  A jelly (D:3)
  3 hounds
  3 orc priests
  4 iguanas (D:5)
  7 orc wizards
  16 hell rats
  3 gnolls (D:2)
  8 adders
  A shadow imp (D:6)
  A white imp (D:5)
  3 ufetubi
  A worm (D:5)
  17 orcs
  5 bats
  4 endoplasms
  A giant cockroach (D:4)
  5 goblins
  9 hobgoblins
  6 jackals
  11 kobolds
  5 quokkas
  6 ball pythons
  A frilled lizard (D:1)
  4 rats
  A briar patch (Swamp:2)
503 creatures vanquished.

Vanquished Creatures (others)
  A hydra (Swamp:4)
  A spriggan (Swamp:2)
  2 hornets (Swamp:2)
  3 bloated husks
  2 briar patches (Swamp:2)
  30 foxfires
  24 fungi
  19 plants
82 creatures vanquished.

Grand Total: 585 creatures vanquished

Notes
Turn   | Place    | Note
-------+----------+-------------------------------------------
     0 | D:1      | Leeroy the Vine Stalker Warper began the quest for the Orb.
     0 | D:1      | Reached XP level 1. HP: 11/11 MP: 4/4
   198 | D:1      | Reached XP level 2. HP: 5/15 MP: 1/6
   613 | D:1      | Reached XP level 3. HP: 12/18 MP: 7/7
  1253 | D:2      | Gained mutation: Your natural rate of healing is unusually
                  | fast. [Vine Stalker growth]
  1253 | D:2      | Reached XP level 4. HP: 21/23 MP: 4/9
  1990 | D:3      | Noticed Sigmund
  2055 | D:3      | Killed Sigmund
  2056 | D:3      | Reached skill level 5 in Spellcasting
  2056 | D:3      | Reached XP level 5. HP: 12/26 MP: 3/13
  2056 | D:3      | Reached XP level 6. HP: 14/30 MP: 3/14
  2641 | D:4      | Found Lughotro's Book Shop.
  2821 | D:4      | Learned a level 2 spell: Blink
  2825 | D:4      | Learned a level 3 spell: Vhi's Electric Charge
  2830 | D:4      | Learned a level 4 spell: Manifold Assault
  2834 | D:4      | Learned a level 3 spell: Teleport Other
  2917 | D:4      | Found a runed translucent door.
  2919 | D:4      | Noticed Crazy Yiuf
  3271 | D:4      | Found a staircase to the Ecumenical Temple.
  3282 | Temple   | Entered the Ecumenical Temple
  3452 | Temple   | Became a worshipper of the Wu Jian Council
  3631 | D:5      | Entered Level 5 of the Dungeon
  3713 | D:5      | Found a radiant altar of Vehumet.
  3731 | D:5      | Reached XP level 7. HP: 34/35 MP: 14/17
  4321 | D:3      | Found a glowing golden altar of the Shining One.
  4516 | D:3      | Found a faded altar of an unknown god.
  4925 | D:5      | Reached skill level 5 in Fighting
  4925 | D:5      | Gained mutation: You have razor-sharp teeth. [Vine Stalker
                  | growth]
  4925 | D:5      | Reached XP level 8. HP: 37/43 MP: 15/18
  4925 | D:5      | Reached * piety under Wu Jian
  5047 | D:5      | Learned a level 3 spell: Mephitic Cloud
  5457 | D:6      | Reached skill level 5 in Dodging
  5504 | D:6      | Found a burning altar of Makhleb.
  5646 | D:6      | Reached XP level 9. HP: 47/47 MP: 19/19
  5693 | D:6      | Found a hide-covered altar of Uskayaw.
  5706 | D:6      | Reached skill level 5 in Long Blades
  5893 | D:6      | Found a blossoming altar of Fedhas.
  5893 | D:6      | Found a faded altar of an unknown god.
  5901 | D:6      | Found a sacrificial altar of Ru.
  5903 | D:6      | Found a faded altar of an unknown god.
  5905 | D:6      | Found a bloodstained altar of Trog.
  5934 | D:6      | Found a shimmering altar of Xom.
  5946 | D:6      | Noticed an angel
  5950 | D:6      | Found a glowing silver altar of Zin.
  6076 | D:6      | Reached ** piety under Wu Jian
  6533 | D:7      | Found a basalt altar of Yredelemnul.
  7022 | D:8      | Reached skill level 1 in Stealth
  7101 | D:8      | Reached skill level 2 in Stealth
  7103 | D:8      | Reached skill level 3 in Stealth
  7258 | D:8      | Reached skill level 4 in Stealth
  7342 | D:8      | Found a staircase to the Lair.
  7350 | D:8      | Reached skill level 5 in Stealth
  7368 | D:8      | Reached skill level 6 in Stealth
  7383 | D:8      | Reached skill level 7 in Stealth
  7414 | D:8      | Reached skill level 8 in Stealth
  7431 | D:8      | Reached XP level 10. HP: 40/51 MP: 15/21
  7748 | D:8      | Found the +0 toga "Victory" {*Victory Clar}
  7840 | D:8      | Noticed a gargoyle
  7849 | D:8      | Killed a gargoyle
  8105 | D:8      | Found a runed translucent gate.
  8107 | D:8      | Found a runed translucent gate.
  8109 | D:8      | Found a runed translucent gate.
  8112 | D:8      | Noticed a spectral unseen horror
  8112 | D:8      | Noticed MCDelver's ghost (novice OpFE)
  8552 | Lair:1   | Entered Level 1 of the Lair of Beasts
  8744 | Lair:1   | Reached *** piety under Wu Jian
  8770 | Lair:1   | Noticed a cane toad
  8776 | Lair:1   | Noticed a cane toad
  8816 | Lair:1   | Killed a cane toad
  8829 | Lair:1   | Killed a cane toad
  8830 | Lair:1   | Reached skill level 10 in Spellcasting
  9023 | Lair:1   | Reached XP level 11. HP: 56/56 MP: 25/27
  9721 | Lair:2   | Reached **** piety under Wu Jian
  9781 | Lair:2   | Found a hole to the Spider Nest.
 10198 | Lair:3   | Found a staircase to the Swamp.
 10431 | Lair:3   | Noticed a four-headed hydra
 10451 | Lair:3   | Learned a level 3 spell: Ozocubu's Armour
 10455 | Lair:3   | Learned a level 3 spell: Dazzling Flash
 10489 | Lair:3   | Reached skill level 10 in Long Blades
 10490 | Lair:3   | Reached XP level 12. HP: 60/60 MP: 29/29
 10495 | Lair:3   | Reached skill level 1 in Armour
 10926 | Lair:3   | Killed a four-headed hydra
 11325 | Lair:4   | Reached ***** piety under Wu Jian
 11846 | Lair:4   | Found a staircase to the Slime Pits.
 12076 | Lair:5   | Entered Level 5 of the Lair of Beasts
 12235 | Lair:5   | Paralysed by a hornet for 3 turns
 12326 | Lair:5   | Reached XP level 13. HP: 32/65 MP: 25/30
 12956 | Lair:5   | Reached ****** piety under Wu Jian
 13851 | Swamp:1  | Entered Level 1 of the Swamp
 13872 | Swamp:1  | Reached skill level 10 in Fighting
 13933 | Swamp:1  | Reached XP level 14. HP: 57/77 MP: 25/31
 14961 | Swamp:2  | Noticed a tentacled monstrosity
 14979 | Swamp:2  | Killed a tentacled monstrosity
 15028 | Swamp:2  | Noticed Mlioglotl
 15163 | Swamp:3  | Reached skill level 9 in Stealth
 15590 | Swamp:4  | Entered Level 4 of the Swamp
 15602 | Swamp:4  | Reached skill level 10 in Stealth
 15614 | Swamp:4  | Noticed a thorn hunter
 15821 | Swamp:2  | Identified Roxanne's Handbook of Forms
 15821 | Swamp:2  | Noticed Roxanne
 15923 | Swamp:2  | Reached skill level 11 in Stealth
 15981 | Swamp:2  | Learned a level 3 spell: Tukima's Dance
 15986 | Swamp:2  | Learned a level 4 spell: Summon Lightning Spire
 16000 | Swamp:2  | Noticed a fenstrider witch
 16000 | Swamp:2  | Noticed a fenstrider witch
 16030 | Swamp:2  | Killed a fenstrider witch
 16031 | Swamp:2  | Reached skill level 12 in Stealth
 16114 | Swamp:2  | Killed a fenstrider witch
 16268 | Swamp:2  | Noticed a thorn hunter
 16288 | Swamp:2  | Killed a thorn hunter
 16289 | Swamp:2  | Reached skill level 13 in Stealth
 16395 | Swamp:2  | Gained mutation: Your mind is acute. (Int +4, Str/Dex -1)
                  | [potion of mutation]
 16395 | Swamp:2  | Gained mutation: Armour fits poorly on your strangely
                  | shaped body. [potion of mutation]
 16395 | Swamp:2  | Gained mutation: Your mind is very acute. (Int +8, Str/Dex
                  | -2) [potion of mutation]
 16395 | Swamp:2  | Gained mutation: Your flesh is heat resistant. (rF+)
                  | [potion of mutation]
 16829 | Swamp:2  | Reached XP level 15. HP: 84/84 MP: 32/32
 16832 | Swamp:2  | Reached skill level 14 in Stealth
 17215 | Swamp:4  | Killed a thorn hunter
 17276 | Swamp:4  | Reached skill level 15 in Stealth
 17280 | Swamp:4  | HP: 4/84 [ten-headed hydra (2)]
 17292 | Swamp:4  | HP: 4/84 [spriggan rider/+0 spear (3)]
 17294 | Swamp:4  | Reached skill level 16 in Stealth
 17296 | Swamp:4  | Paralysed by a hornet for 3 turns
 17297 | Swamp:4  | HP: 3/84 [hornet (1)]
 17315 | Swamp:4  | Noticed a thorn hunter
 17321 | Swamp:4  | Killed a thorn hunter
 17322 | Swamp:4  | Reached skill level 17 in Stealth
 17360 | Swamp:4  | Noticed Aizul
 17362 | Swamp:4  | Got a decaying rune of Zot
 17381 | Swamp:4  | Killed Aizul
 17394 | Swamp:4  | Reached skill level 18 in Stealth
 17987 | Swamp:2  | Killed Mlioglotl
 18135 | Spider:1 | Entered Level 1 of the Spider Nest
 18251 | Spider:1 | Reached skill level 19 in Stealth
 18351 | Spider:1 | Found the +16 obsidian axe {drain, demonic, Mesm Drain Fly
                  | SInv}
 18387 | Spider:1 | Reached XP level 16. HP: 85/88 MP: 33/33
 18998 | Spider:2 | HP: 2/88 [demonic crawler (16)]
 18999 | Spider:2 | Mangled by a demonic crawler

Illustrated notes

Levels and vault maps discovered:
D:1:      psy_arrival_terrarium, layout_basic, minmay_tiny_reverse_x
D:2:      layout_loops_corners, columned_hall_lemuel
D:3:      layout_basic, lemuel_tele_altar,
          shapermc_ecumenical_altar_starsandcircs, grunt_decor_junction,
          uniq_sigmund
D:4:      layout_basic, minmay_temple_entry_offerings, serial_shops,
          kennysheep_mini, uniq_crazy_yiuf_cottage
D:5:      layout_cave_pools, nicolae_vehumet_radiance, minmay_misc_feat_five,
          minmay_fractal_squares_5
D:6:      layout_basic, mainiacjoe_overflow_small_starburst,
          nicolae_uskayaw_suspiria, chequers_temple_overflow_minitemple,
          grunt_temple_overflow_order_and_chaos_1,
          chequers_serial_rivers_micro_a, minmay_misc_feat_rows
D:7:      layout_basic, mainiacjoe_overflow_24_doors
D:8:      layout_layer_cave, minmay_lair_entry_grove, gammafunk_ghost_necromancy
Temple:   nicolae_temple_bog_church
Lair:1:   layout_misc_corridors
Lair:2:   layout_regular_city, hellmonk_spider_entry_not_the_bees
Lair:3:   layout_roguey, swamp_mist_pool, lemuel_fruit_tree
Lair:4:   layout_regular_city, dpeg_slime_entry_enclosed, serial_bayou_shore_b
Lair:5:   minmay_lair_end_enchanted_forest, layout_big_grid
Swamp:1:  layout_falls_marsh, nicolae_swamp_tree_isthmus, swamp_pool4,
          infiniplex_staircase_pool_2
Swamp:2:  nzn_winding_woodlands_cross
          [nzn_winding_woodlands_5x15_river_crossing,
          nzn_winding_woodlands_5x15_sawtooth, nzn_winding_woodlands_5x15_eye,
          nzn_winding_woodlands_5x15_twine,
          nzn_winding_woodlands_15x15_witchcraft], layout_basic_swamp,
          nicolae_swamp_round_clearing, uniq_roxanne, uniq_mlioglotl
Swamp:3:  layout_basic_swamp, evilmike_swamp_ruin_house_5
Swamp:4:  swamp_alternative, layout_basic_swamp, uniq_aizul
Spider:1: layout_spider_delve
Spider:2: layout_cave_pods

Skill      XL: |  1  2  3  4  5  6  7  8  9 10 11 12 13 14 15 |
---------------+----------------------------------------------+-----
Long Blades    | 2 3 4 6 10 13 14 | 14.0
Spellcasting   | 5 6 11 12 | 12.0
Fighting       | 2 5 6 10 12 | 12.0
Dodging        | 5 |  5.2
Stealth        | 8 13 19 | 19.8
Armour         | 2 |  2.2
Throwing       | |  0.8
Translocations | |  3.0

Action                     |  1- 3 |  4- 6 |  7- 9 | 10-12 | 13-15 | 16-18 || total
---------------------------+-------+-------+-------+-------+-------+-------++-------
  Melee: Falchion          |   109 |       |    13 |       |       |       ||   122
         Bite              |    28 |    61 |   143 |   274 |   455 |    15 ||   976
         Punch             |     3 |     7 |     7 |    14 |    25 |       ||    56
         Dagger            |    24 |   241 |   279 |   683 |   733 |       ||  1960
         Scimitar          |       |       |   155 |       |   282 |    37 ||   474
  Throw: Dart              |       |     5 |       |       |       |       ||     5
         Boomerang         |       |     1 |       |       |       |     1 ||     2
         Throwing net      |       |     1 |       |       |       |       ||     1
   Cast: Blink             |       |       |       |     2 |    18 |       ||    20
         Vhi's Electric Ch |       |       |       |       |    33 |       ||    33
         Manifold Assault  |       |       |       |       |     1 |       ||     1
 Invoke: Serpent's Lash    |       |       |       |     1 |     7 |     1 ||     9
         Heavenly Storm    |       |       |       |       |     2 |       ||     2
Ability: Lunge             |       |     1 |    11 |    23 |    43 |     4 ||    82
         Whirlwind         |       |       |     1 |    13 |   159 |    13 ||   186
         Wall Jump         |       |       |       |       |    16 |     1 ||    17
  Evoke: Wand              |       |       |       |     3 |    13 |       ||    16
    Use: Scroll            |       |     4 |     3 |     7 |    12 |     1 ||    27
         Potion            |       |       |       |       |     2 |     1 ||     3
   Stab: Sleeping          |     1 |       |     3 |    29 |    24 |     5 ||    62
         Invisible         |       |       |       |     1 |       |       ||     1
         Distracted        |       |       |       |       |     2 |       ||     2
 Armour: Leather armour    |    34 |     7 |       |       |       |       ||    41
         Robe              |       |    39 |   109 |   145 |   208 |    12 ||   513
  Dodge: Dodged            |   105 |   205 |   424 |   531 |   734 |    35 ||  2034
  Block: Other             |       |       |       |       |    88 |    16 ||   104

Table legend: (Time is in decaauts)
 A = Elapsed time spent in this place.
 B = Non-inter-level travel time spent in this place.
 C = Inter-level travel time spent in this place.
 D = Time resting spent in this place.
 E = Time spent auto-exploring this place.
 F = Levels seen in this place.
 G = Mean time per level.
                   A        B        C        D        E       F      G
               +--------+--------+--------+--------+--------+-----+--------+
         Total |  18624 |  17448 |   1176 |   1373 |  11427 |  20 |  931.2 |
       Dungeon |   8335 |   7960 |    375 |    412 |   5836 |   8 | 1041.9 |
        Temple |    196 |    184 |     12 |      0 |    169 |   1 |  196.0 |
          Lair |   5089 |   4682 |    407 |    283 |   2891 |   5 | 1017.8 |
         Swamp |   4145 |   3841 |    304 |    678 |   1981 |   4 | 1036.2 |
   Spider Nest |    857 |    779 |     78 |      0 |    549 |   2 |  428.5 |
               +--------+--------+--------+--------+--------+-----+--------+

Top non-repeatable levels by time:
 Swamp:2: 1777 daAuts
     D:8: 1510 daAuts
  Lair:5: 1299 daAuts
     D:4: 1220 daAuts
  Lair:4: 1206 daAuts
     D:3: 1192 daAuts
 Swamp:1: 1077 daAuts
     D:2: 1042 daAuts
     D:6: 1012 daAuts
  Lair:3: 940 daAuts
  Lair:2: 936 daAuts
     D:1: 908 daAuts
Spider:1: 818 daAuts
     D:5: 768 daAuts
  Lair:1: 706 daAuts
